[Event "EDAMI"]
[Site "Internet Chess Club"]
[Date "2020.03.21"]
[Round "1"]
[White "raxali"]
[Black "AdriaPro"]
[Result "0-1"]
[ICCResult "White checkmated"]
[WhiteElo "1317"]
[BlackElo "1483"]
[Opening "Scandinavian (center counter) defense"]
[ECO "B01"]
[NIC "VO.17"]
[Time "13:02:50"]
[TimeControl "300+3"]

1. e4 d5 2. Nc3 d4 3. Nce2 e5 4. Nf3 Bd6 5. c3 c5 6. cxd4 cxd4 7. Nxe5 Bxe5
8. Nf4 Bxf4 9. g3 Be5 10. Bd3 Nc6 11. Bc4 Be6 12. b3 Bxc4 13. bxc4 Nf6 14.
f3 O-O 15. O-O Rc8 16. Kg2 Bb8 17. f4 d3 18. e5 Ne4 19. Re1 Qd4 20. Rb1 Qf2+
21. Kh1 Nxg3+ 22. hxg3 Qxg3 23. Rg1 Qh3# {White checkmated} 0-1

[Event "EDAMI"]
[Site "Internet Chess Club"]
[Date "2020.03.21"]
[Round "1"]
[White "JORGEVALLES"]
[Black "Luar10"]
[Result "0-1"]
[ICCResult "White checkmated"]
[WhiteElo "1027"]
[BlackElo "1408"]
[Opening "KP: Napoleon's opening"]
[ECO "C20"]
[NIC "KP.10"]
[Time "13:03:08"]
[TimeControl "300+3"]

1. e4 e5 2. Qf3 Nc6 3. Bc4 Nf6 4. Ne2 g6 5. O-O Bg7 6. Qb3 O-O 7. Ng3 d6 8.
d3 Na5 9. Qa3 Nxc4 10. dxc4 Be6 11. b3 Nd7 12. Bd2 Nc5 13. Nc3 c6 14. Rae1
b6 15. Be3 f5 16. h4 f4 17. Bxc5 dxc5 18. Nge2 Qxh4 19. g3 fxg3 20. fxg3 Qh6
21. Kg2 Bh3+ 22. Kg1 Bxf1 23. Rxf1 Rxf1+ 24. Kxf1 Rf8+ 25. Ke1 Qh1+ 26. Kd2
Bh6+ 27. Kd3 Qf3# {White checkmated} 0-1

[Event "EDAMI"]
[Site "Internet Chess Club"]
[Date "2020.03.21"]
[Round "1"]
[White "Alexelnub"]
[Black "memory"]
[Result "0-1"]
[ICCResult "White checkmated"]
[WhiteElo "1038"]
[BlackElo "1333"]
[Opening "Scandinavian defense"]
[ECO "B01"]
[NIC "SD.03"]
[Time "13:05:06"]
[TimeControl "300+3"]

1. e4 d5 2. exd5 Nf6 3. Bc4 Nxd5 4. Qf3 Nf6 5. Qd1 e5 6. Nh3 Bc5 7. O-O Bxh3
8. gxh3 Nc6 9. d3 Qd7 10. a3 Qxh3 11. b4 Bd6 12. Nd2 e4 13. Nxe4 Qxh2#
{White checkmated}
0-1

[Event "EDAMI"]
[Site "Internet Chess Club"]
[Date "2020.03.21"]
[Round "1"]
[White "xabi"]
[Black "AlbertFernandez"]
[Result "0-1"]
[ICCResult "White checkmated"]
[WhiteElo "1317"]
[BlackElo "1483"]
[Opening "Sicilian defense"]
[ECO "B40"]
[NIC "SI.43"]
[Time "13:02:36"]
[TimeControl "300+3"]

1. e4 c5 2. Nf3 e6 3. Nc3 a6 4. Be2 b5 5. O-O Bb7 6. d3 b4 7. Na4 d5 8. exd5
exd5 9. c3 bxc3 10. Nxc3 Nf6 11. Bg5 Be7 12. Ne5 O-O 13. d4 c4 14. Qc2 Nbd7
15. Bxf6 Nxf6 16. f4 Qb6 17. b3 Qxd4+ 18. Kh1 Ne4 19. Nxe4 Qxe4 20. bxc4
Qxc2 21. Nd7 Qxe2 22. Nxf8 dxc4 23. Rfe1 Qxg2# {White checkmated} 0-1

[Event "EDAMI"]
[Site "Internet Chess Club"]
[Date "2020.03.21"]
[Round "1"]
[White "Eodun"]
[Black "KevinF"]
[Result "0-1"]
[ICCResult "White checkmated"]
[WhiteElo "1268"]
[BlackElo "1312"]
[Opening "King's pawn game"]
[ECO "C20"]
[NIC "KP.10"]
[Time "13:04:03"]
[TimeControl "300+3"]

1. e4 e5 2. c4 d6 3. Qa4+ Nc6 4. d4 Bd7 5. b4 Nf6 6. Bg5 Be7 7. Bxf6 Bxf6 8.
Nc3 O-O 9. O-O-O g5 10. g4 Bxg4 11. h3 Bd7 12. Rd3 Nxb4 13. Rf3 Bxa4 14.
Rxf6 Qxf6 15. Bd3 Qd8 16. Nxa4 Nxd3+ 17. Kc2 Nxf2 18. Rh2 Nxe4 19. Nf3 Nf6
20. Nxg5 Kh8 21. Ne4 Nxe4 22. Kd3 Rg8 23. Kxe4 Rg5 24. dxe5 Qe8 25. h4 Qxe5+
26. Kd3 Rf5 27. Nb2 Qxh2 28. Na4 Rh5 29. Ke4 Rxh4+ 30. Ke3 Qg3+ 31. Ke2 Re8+
32. Kf1 Re1# {White checkmated} 0-1

[Event "EDAMI"]
[Site "Internet Chess Club"]
[Date "2020.03.21"]
[Round "1"]
[White "Juanmaromero"]
[Black "JulioSainz"]
[Result "1-0"]
[ICCResult "Black checkmated"]
[WhiteElo "1273"]
[BlackElo "1257"]
[Opening "Three knights game"]
[ECO "C46"]
[NIC "KP.06"]
[Time "13:02:49"]
[TimeControl "300+3"]

1. e4 e5 2. Nf3 Nc6 3. Nc3 Bc5 4. Bb5 Nb8 5. O-O c6 6. Bc4 Nf6 7. Nxe5 O-O
8. d4 h6 9. dxc5 Kh8 10. Bxf7 Rxf7 11. Nxf7+ Kh7 12. Nxd8 Na6 13. e5 Ne8 14.
Qf3 b6 15. Qf8 Nec7 16. Nf7 Ne6 17. Qh8+ Kg6 18. Qg8 bxc5 19. Bxh6 Nd4 20.
Qxg7+ Kf5 21. Qg5+ Ke6 22. Nd8# {Black checkmated} 1-0

[Event "EDAMI"]
[Site "Internet Chess Club"]
[Date "2020.03.21"]
[Round "1"]
[White "didi08"]
[Black "morgana1965"]
[Result "0-1"]
[ICCResult "White checkmated"]
[WhiteElo "1416"]
[BlackElo "1513"]
[Opening "KP: Indian opening"]
[ECO "C20"]
[NIC "KP.10"]
[Time "13:02:41"]
[TimeControl "300+3"]

1. e4 e5 2. d3 Nf6 3. Nf3 d5 4. Nc3 c6 5. Bg5 Bb4 6. Bxf6 Qxf6 7. d4 dxe4 8.
Nxe5 O-O 9. Bc4 Nd7 10. O-O Nxe5 11. dxe5 Qxe5 12. a3 Bd6 13. g3 b5 14. Be2
Bb7 15. Re1 Rad8 16. Qb1 Bc5 17. Bf1 e3 18. fxe3 Bxe3+ 19. Kg2 c5+ 20. Kh3
Qh5# {White checkmated} 0-1

[Event "EDAMI"]
[Site "Internet Chess Club"]
[Date "2020.03.21"]
[Round "1"]
[White "liveisgood"]
[Black "AnithingElse"]
[Result "0-1"]
[ICCResult "White forfeits on time"]
[WhiteElo "1273"]
[BlackElo "1474"]
[Opening "Queen's pawn game"]
[ECO "A46"]
[NIC "QP.06"]
[Time "13:02:40"]
[TimeControl "300+3"]

1. d4 Nf6 2. Nf3 d6 3. Nc3 g6 4. e3 Bg7 5. Bb5+ Bd7 6. Bxd7+ Nbxd7 7. O-O
O-O 8. e4 c5 9. dxc5 Nxc5 10. Bg5 Nfxe4 11. Nxe4 Nxe4 12. Re1 Nxg5 13. Nxg5
h6 14. Ne4 Bxb2 15. Rb1 Bg7 16. Rxb7 Re8 17. Nc3 Bxc3 18. Re3 Qc8 19. Qb1
Be5 20. Qb3 Rb8 21. Rxb8 Qxb8 22. Qxb8 Rxb8 {White forfeits on time} 0-1

[Event "EDAMI"]
[Site "Internet Chess Club"]
[Date "2020.03.21"]
[Round "1"]
[White "GGEstruch"]
[Black "ramonramon2006"]
[Result "0-1"]
[ICCResult "White checkmated"]
[WhiteElo "1225"]
[BlackElo "1236"]
[Opening "King's pawn game"]
[ECO "C44"]
[NIC "KP.07"]
[Time "13:02:43"]
[TimeControl "300+3"]

1. e4 e5 2. Nf3 Nc6 3. d3 Bc5 4. Bg5 Nf6 5. Nc3 d6 6. Be2 Bg4 7. O-O O-O 8.
Nxe5 Bxe2 9. Qxe2 Nxe5 10. Na4 Bb6 11. Nxb6 axb6 12. Rfe1 h6 13. Bxf6 Qxf6
14. Qh5 Rfe8 15. Re3 Qg6 16. Qh3 Qg4 17. Rg3 Qxh3 18. Rxh3 c5 19. f4 Nc6 20.
e5 dxe5 21. fxe5 Rxe5 22. c3 Rae8 23. d4 Re1+ 24. Rxe1 Rxe1+ 25. Kf2 Rd1 26.
Re3 cxd4 27. Re8+ Kh7 28. Ke2 Ra1 29. cxd4 Nxd4+ 30. Kd3 Nc6 31. Kc2 Rxa2
32. h3 Ra5 33. g4 Re5 34. Ra8 Ra5 35. Rc8 Rc5+ 36. Kb3 Na5+ 37. Ka4 Rxc8 38.
h4 Rc4+ 39. Kb5 Rxg4 40. Kxb6 Nc4+ 41. Kb5 Nxb2 42. h5 Rc4 43. Kb6 Kg8 44.
Kxb7 Kf8 45. Ka6 Rb4 46. Ka5 Nd3 47. Ka6 Ke7 48. Ka5 Kd6 49. Ka6 Kc6 50. Ka7
Rb6 51. Ka8 Ra6+ 52. Kb8 Ne5 53. Kc8 Ra8# {White checkmated} 0-1

[Event "EDAMI"]
[Site "Internet Chess Club"]
[Date "2020.03.21"]
[Round "1"]
[White "leonardogila"]
[Black "FERNANDOA9"]
[Result "1-0"]
[ICCResult "Black checkmated"]
[WhiteElo "1446"]
[BlackElo "1156"]
[Opening "Four knights: Italian variation"]
[ECO "C55"]
[NIC "IG.01"]
[Time "13:02:42"]
[TimeControl "300+3"]

1. e4 e5 2. Bc4 Nc6 3. Nf3 Nf6 4. Nc3 Be7 5. d3 O-O 6. Be3 d6 7. O-O Bd7 8.
Qe2 Qe8 9. Rad1 Na5 10. Nb5 Nxc4 11. Nxc7 Qc8 12. Nxa8 Nxb2 13. Rb1 Na4 14.
Bxa7 Qxa8 15. Be3 Nc3 16. Qd2 Nxb1 17. Rxb1 Qxa2 18. Rxb7 Ba4 19. Rxe7 Rc8
20. Bg5 Rxc2 21. Rb7 Qa1+ 22. Ne1 Rc8 23. g3 Ne8 24. Kf1 Bc6 25. Ra7 Qxa7
26. Qe2 Rb8 27. Qg4 Bd7 28. Qh5 Bb5 29. Nf3 g6 30. Qh6 f6 31. Bh4 Bxd3+ 32.
Kg2 Rb7 33. Bxf6 Nxf6 34. Ng5 d5 35. Ne6 Ne8 36. Qf8# {Black checkmated} 1-0

[Event "EDAMI"]
[Site "Internet Chess Club"]
[Date "2020.03.21"]
[Round "1"]
[White "Hakrom"]
[Black "Mateuchess"]
[Result "1-0"]
[ICCResult "Black forfeits on time"]
[WhiteElo "1524"]
[BlackElo "1320"]
[Opening "English: four knights, Capablanca variation"]
[ECO "A28"]
[NIC "EO.07"]
[Time "13:05:59"]
[TimeControl "300+3"]

1. c4 e5 2. Nc3 Nc6 3. Nf3 Nf6 4. d3 Bb4 5. e4 O-O 6. Bd2 d6 7. Be2 Bg4 8.
Nd5 Bxd2+ 9. Nxd2 Bxe2 10. Qxe2 Nxd5 11. cxd5 Nd4 12. Qd1 Qg5 13. O-O c6 14.
dxc6 Nxc6 15. Nf3 Qh5 16. Rc1 Rfe8 17. a3 Re6 18. b4 Rg6 19. b5 Qh3 20. g3
Ne7 21. Rc7 Nc8 22. Qc1 Nb6 23. Qe3 h6 24. Rfc1 Rb8 25. d4 exd4 26. Qxd4 Rc8
27. Rxc8+ Nxc8 28. e5 dxe5 29. Nxe5 Rf6 30. Qd8+ Kh7 31. Qxc8 Qh5 32. Ng4
{Black forfeits on time}
1-0

[Event "EDAMI"]
[Site "Internet Chess Club"]
[Date "2020.03.21"]
[Round "1"]
[White "Miquel08"]
[Black "Umbra"]
[Result "1-0"]
[ICCResult "Black resigns"]
[WhiteElo "1543"]
[BlackElo "1475"]
[Opening "King's pawn game"]
[ECO "C50"]
[NIC "IG.03"]
[Time "13:12:16"]
[TimeControl "300+3"]

1. e4 e5 2. Nf3 Nc6 3. Bc4 d6 4. c3 Be7 5. d4 exd4 6. cxd4 Nf6 7. Nc3 O-O 8.
O-O h6 9. h3 Kh8 10. Be3 Nh7 11. Re1 f5 12. Qc2 fxe4 13. Nxe4 Bxh3 14. gxh3
Rxf3 15. Nd2 Ng5 16. Bxg5 Rxh3 17. Bxe7 Nxe7 18. Be6 Nc6 19. Bxh3 Nxd4 20.
Qe4 Qg5+ 21. Qg4 Qxd2 22. Red1 Ne2+ 23. Kf1 Qxb2 24. Qxe2 Qc3 25. Qd3 Qf6
26. Qf5 Qc3 27. Rac1 Qa3 28. Rxc7 Re8 29. Qg6 Qxh3+ 30. Qg2 {Black resigns}
1-0

[Event "EDAMI"]
[Site "Internet Chess Club"]
[Date "2020.03.21"]
[Round "2"]
[White "AlbertFernandez"]
[Black "pgranadap"]
[Result "1-0"]
[ICCResult "Black resigns"]
[WhiteElo "1527"]
[BlackElo "1326"]
[Opening "Petrov: Nimzovich attack"]
[ECO "C42"]
[NIC "RG.03"]
[Time "13:22:49"]
[TimeControl "300+3"]

1. e4 e5 2. Nf3 Nf6 3. Nxe5 d6 4. Nf3 Nxe4 5. Nc3 Nxc3 6. dxc3 Be7 7. Bd3
O-O 8. Bf4 Nc6 9. Qd2 Bf6 10. O-O-O Re8 11. h4 a5 12. Ng5 Bxg5 13. hxg5 g6
14. Rh6 {Black resigns} 1-0

[Event "EDAMI"]
[Site "Internet Chess Club"]
[Date "2020.03.21"]
[Round "2"]
[White "Eodun2"]
[Black "xabi"]
[Result "0-1"]
[ICCResult "White checkmated"]
[WhiteElo "1287"]
[BlackElo "1384"]
[Opening "Amar (Paris) opening"]
[ECO "A00"]
[NIC "VO.16"]
[Time "13:22:49"]
[TimeControl "300+3"]

1. Nh3 e5 2. e4 Nf6 3. f3 Nc6 4. d3 Bc5 5. Be2 O-O 6. c4 d6 7. Rf1 Bd7 8.
Rg1 Be3 9. Kf1 Bxg1 10. Kxg1 Nh5 11. Qa4 Nd4 12. Bf1 Bxa4 13. Be3 Nc2 14.
Ng5 Nxa1 15. Be2 Nc2 16. Bd1 Nxe3 17. Be2 Bc2 18. Nc3 Qxg5 19. Nb5 Qxg2#
{White checkmated}
0-1

[Event "EDAMI"]
[Site "Internet Chess Club"]
[Date "2020.03.21"]
[Round "2"]
[White "EDUARDOFLORES"]
[Black "raxali"]
[Result "1-0"]
[ICCResult "Black checkmated"]
[WhiteElo "1474"]
[BlackElo "1273"]
[Opening "Four knights game"]
[ECO "C47"]
[NIC "KP.06"]
[Time "13:22:50"]
[TimeControl "300+3"]

1. e4 e5 2. Nf3 Nc6 3. Nc3 Nf6 4. d3 d6 5. d4 exd4 6. Nxd4 Nxd4 7. Qxd4 c5
8. Qa4+ Bd7 9. Qc4 Be6 10. Qb5+ Bd7 11. Qxb7 d5 12. exd5 c4 13. Bxc4 Bc6 14.
Qxc6+ Qd7 15. Qxa8+ Qd8 16. Bb5+ Nd7 17. Qxa7 Qb8 18. Qxd7# {Black
checkmated} 1-0

[Event "EDAMI"]
[Site "Internet Chess Club"]
[Date "2020.03.21"]
[Round "2"]
[White "David2020"]
[Black "Alexelnub"]
[Result "1-0"]
[ICCResult "Black checkmated"]
[WhiteElo "1255"]
[BlackElo "1018"]
[Opening "Four knights: double Ruy Lopez"]
[ECO "C49"]
[NIC "KP.03"]
[Time "13:22:48"]
[TimeControl "300+3"]

1. e4 e5 2. Nf3 Nf6 3. Nc3 Nc6 4. Bb5 Bb4 5. O-O Bxc3 6. dxc3 a6 7. Ba4 b5
8. Bb3 a5 9. a3 b4 10. Ng5 Ba6 11. Bxf7+ Kf8 12. Re1 Ne7 13. Ba2 d6 14. Qf3
Bb7 15. Ne6+ Kf7 16. Nxd8+ Ke8 17. Nxb7 Nh5 18. Qxh5+ Kf8 19. Qf7#
{Black checkmated}
1-0

[Event "EDAMI"]
[Site "Internet Chess Club"]
[Date "2020.03.21"]
[Round "2"]
[White "Luar10"]
[Black "leochicano"]
[Result "1-0"]
[ICCResult "Black checkmated"]
[WhiteElo "1430"]
[BlackElo "1117"]
[Opening "Alekhine's defense: Mokele Mbembe (Bücker) variation"]
[ECO "B02"]
[NIC "AL.10"]
[Time "13:23:16"]
[TimeControl "300+3"]

1. e4 Nf6 2. e5 Ne4 3. d4 c6 4. Bc4 b5 5. Bb3 Qb6 6. Be3 c5 7. dxc5 f6 8.
cxb6 fxe5 9. Qf3 Bb7 10. Qf7+ Kd8 11. bxa7 Rxa7 12. Bb6+ Kc8 13. Qe8#
{Black checkmated}
1-0

[Event "EDAMI"]
[Site "Internet Chess Club"]
[Date "2020.03.21"]
[Round "2"]
[White "AnithingElse"]
[Black "Juanmaromero"]
[Result "1-0"]
[ICCResult "Black checkmated"]
[WhiteElo "1508"]
[BlackElo "1250"]
[Opening "Ruy Lopez: open (Tarrasch) defense"]
[ECO "C80"]
[NIC "RL.27"]
[Time "13:22:44"]
[TimeControl "300+3"]

1. e4 e5 2. Nf3 Nc6 3. Bb5 a6 4. Ba4 Nf6 5. O-O Nxe4 6. Re1 d5 7. Bxc6+ bxc6
8. Nxe5 Bd6 9. Nxc6 Qf6 10. f3 O-O 11. fxe4 dxe4 12. Rxe4 Qh6 13. h3 f5 14.
d4 fxe4 15. Bxh6 gxh6 16. Nc3 Bd7 17. Ne5 c5 18. Nxd7 Rf7 19. Nxe4 Bf4 20.
Qg4+ Kh8 21. Rf1 Rg8 22. Qh5 Rxd7 23. Rxf4 cxd4 24. Qe5+ Rgg7 25. Nd6 Rc7
26. Rf8# {Black checkmated} 1-0

[Event "EDAMI"]
[Site "Internet Chess Club"]
[Date "2020.03.21"]
[Round "2"]
[White "lucasmore"]
[Black "Alberto555"]
[Result "0-1"]
[ICCResult "White checkmated"]
[WhiteElo "1264"]
[BlackElo "1299"]
[Opening "KP: King's head opening"]
[ECO "C20"]
[NIC "KP.10"]
[Time "13:22:51"]
[TimeControl "300+3"]

1. e4 e5 2. f3 d6 3. Bb5+ c6 4. Bf1 d5 5. d3 Nf6 6. g4 Bxg4 7. fxg4 dxe4 8.
dxe4 Qxd1+ 9. Kxd1 Nxe4 10. Ke1 Na6 11. Nc3 Nxc3 12. bxc3 O-O-O 13. Nf3 e4
14. Ng5 Re8 15. Nxf7 Rg8 16. g5 g6 17. Bh3+ Kb8 18. Nd6 Bxd6 19. Be3 Be5 20.
Kd2 Rd8+ 21. Kc1 Bxc3 22. Rb1 Nb4 23. a3 Na2# {White checkmated} 0-1

[Event "EDAMI"]
[Site "Internet Chess Club"]
[Date "2020.03.21"]
[Round "2"]
[White "JORGEVALLES"]
[Black "Marc12"]
[Result "1/2-1/2"]
[ICCResult "Game drawn by mutual agreement"]
[WhiteElo "1039"]
[BlackElo "1293"]
[Opening "KP: Napoleon's opening"]
[ECO "C20"]
[NIC "KP.10"]
[Time "13:22:59"]
[TimeControl "300+3"]

1. e4 e5 2. Qf3 Nc6 3. Bc4 Nf6 4. Nc3 Bc5 5. Nge2 d6 6. h3 Be6 7. Bxe6 fxe6
8. a3 d5 9. b4 Bb6 10. a4 Nd4 11. Qd3 dxe4 12. Qe3 Nxc2+ 13. Kd1 Nxe3+ 14.
fxe3 O-O 15. a5 Nd5 16. axb6 Nxc3+ 17. Nxc3 {Game drawn by mutual agreement}
1/2-1/2

[Event "EDAMI"]
[Site "Internet Chess Club"]
[Date "2020.03.21"]
[Round "2"]
[White "JulioSainz"]
[Black "JotaAlvarez"]
[Result "0-1"]
[ICCResult "White checkmated"]
[WhiteElo "1189"]
[BlackElo "1298"]
[Opening "King's pawn game"]
[ECO "C44"]
[NIC "KP.07"]
[Time "13:22:58"]
[TimeControl "300+3"]

1. e4 e5 2. Nf3 Nc6 3. d3 Bc5 4. Bg5 f6 5. Bc1 Nge7 6. Ng1 d5 7. exd5 Qxd5
8. Nc3 Qf7 9. Nf3 Bg4 10. Nb1 Nd4 11. Nc3 Qh5 12. Ne4 Bb6 13. Be2 Nxe2 14.
Qxe2 O-O-O 15. O-O Rhe8 16. h3 Bxf3 17. gxf3 Qxh3 18. Re1 Nf5 19. b3 Nh4 20.
Ng3 Qg2# {White checkmated} 0-1

[Event "EDAMI"]
[Site "Internet Chess Club"]
[Date "2020.03.21"]
[Round "2"]
[White "semaqui08"]
[Black "Josep2012"]
[Result "1-0"]
[ICCResult "Black forfeits on time"]
[WhiteElo "1313"]
[BlackElo "1268"]
[Opening "Queen's bishop game"]
[ECO "D00"]
[NIC "QP.08"]
[Time "13:22:50"]
[TimeControl "300+3"]

1. d4 d5 2. Bf4 Nf6 3. Nf3 Nc6 4. e3 Bf5 5. Bd3 Bg6 6. O-O e6 7. c3 Bd6 8.
Bg5 O-O 9. Nbd2 a6 10. Qc2 Bxd3 11. Qxd3 h6 12. Bh4 g5 13. Bg3 Bxg3 14. fxg3
Ng4 15. h3 Nf6 16. Ne5 Nxe5 17. dxe5 Nh7 18. Rf2 g4 19. h4 f6 20. Qg6+ Kh8
21. Qxh6 Qe7 22. Raf1 {Black forfeits on time} 1-0

[Event "EDAMI"]
[Site "Internet Chess Club"]
[Date "2020.03.21"]
[Round "2"]
[White "FERNANDOA9"]
[Black "Eodun"]
[Result "1-0"]
[ICCResult "Black checkmated"]
[WhiteElo "1181"]
[BlackElo "1164"]
[Opening "King's knight opening"]
[ECO "C40"]
[NIC "KP.10"]
[Time "13:22:59"]
[TimeControl "300+3"]

1. e4 e5 2. Nf3 Bc5 3. Nc3 Qf6 4. Bc4 Qh4 5. Nxh4 g5 6. Nf5 f6 7. Ng7+ Kf8
8. Nf5 d5 9. exd5 Bxf5 10. O-O Ne7 11. d3 Rg8 12. d6 Nc8 13. Bxg8 Nxd6 14.
Bd5 c6 15. Bb3 g4 16. g3 Be4 17. dxe4 Na6 18. Qd2 Nb4 19. Qh6+ Ke8 20. Qg7
Nxc2 21. Qg8+ Ke7 22. Qxa8 Nxa1 23. Re1 Nxb3 24. axb3 Nxe4 25. Bh6 Bd6 26.
Qf8+ Ke6 27. Qg8+ Ke7 28. Rxe4 f5 29. Qg7+ Ke8 30. Re3 f4 31. gxf4 Bc5 32.
Rxe5+ Be7 33. Qxe7# {Black checkmated} 1-0

[Event "EDAMI"]
[Site "Internet Chess Club"]
[Date "2020.03.21"]
[Round "2"]
[White "Mateuchess"]
[Black "didi08"]
[Result "1-0"]
[ICCResult "Black resigns"]
[WhiteElo "1406"]
[BlackElo "1358"]
[Opening "Philidor's defense"]
[ECO "C41"]
[NIC "KP.10"]
[Time "13:22:54"]
[TimeControl "300+3"]

1. e4 e5 2. Nf3 d6 3. Nc3 Nf6 4. d4 Nc6 5. Bb5 Bg4 6. d5 a6 7. Bxc6+ bxc6 8.
dxc6 Rb8 9. O-O Bxf3 10. Qxf3 d5 11. Nxd5 Nxd5 12. exd5 Bc5 13. b3 O-O 14.
Bb2 Qd6 15. Rfe1 h6 16. Bxe5 Qg6 17. Rac1 Rbe8 18. Bxc7 Qxc2 19. Bf4 Qxa2
20. Rxe8 Rxe8 21. h3 Qa5 22. Qg3 Qd2 23. Bxd2 {Black resigns} 1-0

[Event "EDAMI"]
[Site "Internet Chess Club"]
[Date "2020.03.21"]
[Round "2"]
[White "Danielosky"]
[Black "Mark888"]
[Result "1-0"]
[ICCResult "Black checkmated"]
[WhiteElo "1041"]
[BlackElo "1185"]
[Opening "King's pawn game"]
[ECO "C21"]
[NIC "KP.10"]
[Time "13:23:04"]
[TimeControl "300+3"]

1. e4 e5 2. d4 Bb4+ 3. c3 Be7 4. dxe5 d6 5. Nf3 dxe5 6. Nxe5 Bh4 7. Qf3 Qd6
8. Qxf7+ Kd8 9. Qxg7 Qc5 10. Nf7+ Ke8 11. Be3 Qe7 12. Bb5+ Bd7 13. c4 Qxf7
14. Qxh8 Qf6 15. Qxg8+ Ke7 16. Qxh7+ Ke8 17. Qh5+ Ke7 18. Bc5+ Kd8 19. O-O
Na6 20. Bxa6 bxa6 21. g3 Bh3 22. Rd1+ Bd7 23. gxh4 Qg7+ 24. Kf1 Qg1+ 25.
Kxg1 Rc8 26. Qd5 Rb8 27. Qxd7# {Black checkmated} 1-0

[Event "EDAMI"]
[Site "Internet Chess Club"]
[Date "2020.03.21"]
[Round "2"]
[White "morgana1965"]
[Black "Hakrom"]
[Result "1/2-1/2"]
[ICCResult "Game drawn by repetition"]
[WhiteElo "1515"]
[BlackElo "1523"]
[Opening "English: Caro-Kann defensive system"]
[ECO "A11"]
[NIC "EO.64"]
[Time "13:22:50"]
[TimeControl "300+3"]

1. c4 c6 2. g3 d5 3. cxd5 cxd5 4. Bg2 Nf6 5. Nf3 Nc6 6. b3 h6 7. Bb2 Bf5 8.
Nd4 Nxd4 9. Bxd4 e6 10. d3 Be7 11. Nd2 O-O 12. Bb2 Rc8 13. O-O b6 14. e4
dxe4 15. dxe4 Bh7 16. Re1 Qd7 17. Nc4 Qxd1 18. Raxd1 Rfd8 19. f3 Bb4 20.
Rxd8+ Rxd8 21. Rf1 Kf8 22. a3 Be7 23. b4 b5 24. Ne5 Rd2 25. Rf2 Rxf2 26.
Kxf2 Ke8 27. Nc6 a6 28. Nxe7 Kxe7 29. Bf1 Ne8 30. Ke3 f6 31. Kd4 Bg8 32. Kc5
Nc7 33. Kb6 Kd8 34. Bc1 Bf7 35. Be3 Kd7 36. Bc5 g6 37. Bf8 h5 38. Bg7 f5 39.
exf5 exf5 40. f4 Bd5 41. Be5 Ne6 42. Kxa6 Bc4 43. Bxc4 bxc4 44. Kb5 c3 45.
Bxc3 Nc7+ 46. Kb6 Nd5+ 47. Kc5 Nxc3 48. b5 Na4+ 49. Kb4 Nb6 50. a4 Kc7 51.
a5 Nd5+ 52. Kc5 Nc3 53. b6+ Kb7 54. Kd6 Nd1 55. Ke6 Ne3 56. Kf6 Nf1 57. Kxg6
Nxh2 58. Kxh5 Nf1 59. Kg5 Nxg3 60. Kh4 Ne2 61. Kg5 Ng3 62. Kh4 Ne2 63. Kg5
Ng3 64. Kh4 Ne2 {Game drawn by repetition} 1/2-1/2

[Event "EDAMI"]
[Site "Internet Chess Club"]
[Date "2020.03.21"]
[Round "2"]
[White "AdriaPro"]
[Black "Miquel08"]
[Result "1-0"]
[ICCResult "Black resigns"]
[WhiteElo "1556"]
[BlackElo "1470"]
[Opening "Queen's pawn game"]
[ECO "D02"]
[NIC "QP.08"]
[Time "13:22:53"]
[TimeControl "300+3"]

1. d4 d5 2. Nf3 Bf5 3. g3 e6 4. Bg2 Nf6 5. O-O Be7 6. c4 c6 7. b3 O-O 8. Nc3
Nbd7 9. Bb2 Re8 10. Rc1 Nf8 11. Re1 Ng6 12. Ne5 Nxe5 13. dxe5 Nd7 14. f4
Bc5+ 15. Kh1 d4 16. Ne4 Bb4 17. Rf1 c5 18. Nd6 Rf8 19. Nxf5 exf5 20. Bxb7
Rb8 21. Bf3 Qa5 22. a3 Bxa3 23. Ra1 Qb6 24. Rxa3 Qb4 25. Rxa7 Nb6 26. Ba3
Qc3 27. Bxc5 Rfc8 28. Bxd4 Qb4 29. Bxb6 Qxb6 30. Qd7 Qg6 31. Bd5 Rf8 32. c5
Rbd8 33. Qc6 Qxc6 34. Bxc6 Rc8 35. Ra6 Rfd8 36. b4 Rd4 37. b5 Rc4 38. b6 Rb8
39. Ra8 Rxa8 40. Bxa8 {Black resigns} 1-0

[Event "EDAMI"]
[Site "Internet Chess Club"]
[Date "2020.03.21"]
[Round "2"]
[White "tomasgarrido"]
[Black "JorgeyLucia"]
[Result "0-1"]
[ICCResult "White checkmated"]
[WhiteElo "1413"]
[BlackElo "1523"]
[Opening "Queen's pawn game"]
[ECO "D00"]
[NIC "QP.08"]
[Time "13:24:20"]
[TimeControl "300+3"]

1. d4 d5 2. e3 c6 3. Nf3 e6 4. Nc3 Bd6 5. e4 Nd7 6. e5 Bc7 7. Bg5 Ne7 8.
Bxe7 Qxe7 9. Bd3 O-O 10. O-O c5 11. dxc5 Nxc5 12. Bb5 a6 13. Bxa6 Rxa6 14.
h3 Nd7 15. Nb5 Nxe5 16. Qd4 Nxf3+ 17. gxf3 Qg5+ 18. Qg4 Qxg4+ 19. fxg4 Be5
20. f3 Bxb2 21. Rae1 Bd7 22. Nc7 Rc6 23. Nb5 Rxc2 24. Rf2 Rxf2 25. Kxf2 Bxb5
26. Rb1 Bd4+ 27. Kg3 Bc6 28. h4 Ra8 29. Rd1 Be5+ 30. f4 Bd6 31. g5 Rxa2 32.
Kg4 Ra4 33. Rf1 Ra3 34. f5 Ra4+ 35. Kh5 g6+ 36. fxg6 hxg6+ 37. Kh6 Bf8#
{White checkmated}
0-1

[Event "EDAMI"]
[Site "Internet Chess Club"]
[Date "2020.03.21"]
[Round "2"]
[White "Umbra"]
[Black "joangarciataure"]
[Result "1-0"]
[ICCResult "Black checkmated"]
[WhiteElo "1483"]
[BlackElo "1304"]
[Opening "KP: Nimzovich defense"]
[ECO "B00"]
[NIC "VO.05"]
[Time "13:24:57"]
[TimeControl "300+3"]

1. e4 Nc6 2. Nf3 d6 3. Bc4 a6 4. d3 b6 5. Nc3 e5 6. Ng5 f6 7. Ne6 Bxe6 8.
Bxe6 Ke7 9. Bd5 Ke8 10. Bxc6+ Ke7 11. Nd5+ Kf7 12. Bxa8 Qxa8 13. Nxc7 Qb7
14. Nd5 Be7 15. O-O b5 16. c3 Bd8 17. Qb3 Ba5 18. f4 exf4 19. Nxf4+ Ke7 20.
Qe6+ Kd8 21. Qxd6+ Kc8 22. Qf8+ Kc7 23. Nd5+ Kc6 24. Bf4 Qb6+ 25. Nxb6 Kxb6
26. Qd6+ Kb7 27. b4 Bb6+ 28. d4 Bc7 29. Qxc7+ Ka8 30. Qb8# {Black
checkmated} 1-0

[Event "EDAMI"]
[Site "Internet Chess Club"]
[Date "2020.03.21"]
[Round "2"]
[White "ramonramon2006"]
[Black "LucasCh"]
[Result "1-0"]
[ICCResult "Black checkmated"]
[WhiteElo "1245"]
[BlackElo "1299"]
[Opening "English: three knights system"]
[ECO "A27"]
[NIC "EO.21"]
[Time "13:22:52"]
[TimeControl "300+3"]

1. c4 e5 2. Nc3 Nc6 3. Nf3 f5 4. d3 Nf6 5. Bg5 h6 6. Bh4 g5 7. Nxg5 Ng4 8.
Nf3 Be7 9. Bxe7 Kxe7 10. h3 Nf6 11. d4 e4 12. Nh4 Na5 13. Nxf5+ Ke6 14. Ne3
c6 15. b4 Nxc4 16. Nxc4 Kf7 17. Nd6+ Ke7 18. Ncxe4 Nxe4 19. Nxe4 d6 20. e3
Bf5 21. Bd3 d5 22. Nc5 Rf8 23. Bxf5 Rxf5 24. Nxb7 Qc7 25. Nc5 Qb6 26. a3
Rff8 27. O-O Qd8 28. Qg4 Rg8 29. Qe6+ Kf8 30. Qxh6+ Kf7 31. Qe6+ Kg7 32.
Qd7+ Qxd7 33. Nxd7 Rad8 34. Nc5 Rge8 35. Rac1 Ra8 36. Rc3 a6 37. Rfc1 a5 38.
Nd3 axb4 39. axb4 Ra4 40. Rxc6 Ra3 41. Rc7+ Kg6 42. Ne5+ Kh5 43. Ng4 Raa8
44. Nf6+ Kg6 45. Nxe8 Rxe8 46. Rd7 Kf6 47. Rxd5 Ke6 48. Re5+ Kf7 49. Rxe8
Kxe8 50. Rc7 Kf8 51. b5 Ke8 52. b6 Kd8 53. d5 Ke8 54. b7 Kd8 55. b8=Q#
{Black checkmated}
1-0